Map: Moondance

Players

Zoun - Winner!

  • Race: Protoss Protoss
  • Spawn Location: 12:00

Jieshi

  • Race: Protoss Protoss
  • Spawn Location: 6:00

Event: DreamHack SC2 Masters 2022 Atlanta (Offline)

VOD

Have the link to the VOD?

Description

Time

  • Played on: Nov. 18, 2022, 3:29 p.m.
  • Length: 10:36

All games in this series

Show
View Real Time Build Order
Export as new Build Order

Zoun Protoss - Winner!

Build Orders: Oracle Opening 

Get SALT Encoding   

  12  0:00  Probe  
  13  0:12  Probe  
  14  0:16  Pylon  
  14  0:24  Probe (Chrono Boost)  
  15  0:37  Probe (Chrono Boost)  
  15  0:38  Gateway  
  16  0:44  Probe (Chrono Boost)  
  16  0:47  Assimilator  
  17  0:51  Probe  
  18  0:59  Assimilator  
  18  1:03  Probe (Chrono Boost)  
  19  1:09  Gateway  
  19  1:13  Probe (Chrono Boost)  
  19  1:18  Probe (Chrono Boost)  
  21  1:26  Cybernetics Core  
  21  1:30  Probe  
  22  1:36  Pylon  
  22  1:42  Probe  
  23  1:54  Probe  
  24  2:02  Stalker  
  24  2:04  Warp Gate, Stalker  
  24  2:06  Probe  
  29  2:12  Pylon  
  29  2:32  Stargate  
  28  2:40  Adept  
  28  2:41  Adept  
  32  3:10  Nexus  
  32  3:11  Shield Battery  
  32  3:13  Oracle (Chrono Boost)  
  35  3:25  Probe  
  36  3:28  Pylon  
  36  3:39  Probe  
  37  3:43  Oracle (Chrono Boost)  
  40  3:52  Stalker  
  42  3:58  Stalker  
  42  4:00  Pylon  
  44  4:12  Gateway  
  44  4:20  Stalker  
  46  4:24  Stalker  
  46  4:30  Probe  
  46  4:31  Pylon  
  49  4:32  Probe  
  50  4:42  Probe  
  50  4:44  Probe, Stalker  
  54  4:54  Probe  
  54  4:56  Probe  
  54  4:57  Gateway  
  53  5:02  Stalker  
  50  5:10  Stalker  
  50  5:12  Phoenix  
  50  5:13  Probe  
  55  5:22  Twilight Council  
  55  5:24  Probe  
  55  5:27  Probe  
  57  5:36  Probe  
  57  5:39  Probe  
  59  5:48  Probe  
  58  5:52  Probe  
  58  5:54  Stalker x2  
  63  5:59  Blink (Chrono Boost)  
  62  6:04  Probe (Chrono Boost)  
  62  6:06  Probe (Chrono Boost)  
  63  6:16  Probe (Chrono Boost)  
  63  6:17  Nexus  
  63  6:18  Probe (Chrono Boost)  
  65  6:22  Probe (Chrono Boost)  
  66  6:27  Probe  
  66  6:30  Probe, Assimilator  
  66  6:31  Pylon  
  68  6:34  Sentry  
  68  6:38  Stalker  
  68  6:39  Probe  
  73  6:42  Pylon  
  73  6:53  Probe x2  
  75  6:57  Gateway  
  75  6:58  Gateway  
  75  7:01  Forge  
  75  7:05  Probe x2  
  75  7:06  Stalker  
  79  7:08  Sentry  
  81  7:15  Pylon  
  81  7:17  Probe x2  
  83  7:24  Protoss Ground Weapons Level 1 (Chrono Boost)  
  83  7:29  Charge (Chrono Boost), Probe x2  
  85  7:30  Stalker  
  85  7:32  Stalker  
  85  7:33  Probe  
  85  7:36  Photon Cannon  
  90  7:41  Probe x2  
  92  7:52  Gateway  
  92  7:53  Gateway  
  88  8:07  Probe  
  88  8:08  Probe  
  87  8:18  Gateway  
  87  8:19  Gateway  
  85  8:23  Robotics Facility  
  85  8:24  Zealot x4, Assimilator, Pylon  
  93  8:31  Gateway  
  93  8:34  Gateway, Photon Cannon  
  93  8:36  Pylon  
  93  8:44  Pylon x2  
  93  8:46  Zealot x4  
  101  8:56  Photon Cannon  
  101  8:57  Pylon  
  101  8:58  Shield Battery  
  101  9:02  Stalker x2  
  105  9:09  Shield Battery  
  105  9:10  Observer (Chrono Boost)  
  106  9:21  Zealot x3  
  106  9:22  Warp Prism (Chrono Boost)  
  114  9:38  Nexus  
  114  9:39  Pylon  
  114  9:43  Zealot x3  
  120  9:49  Observer (Chrono Boost)  
  121  10:01  Zealot x5  
  129  10:17  Stalker x5  
  127  10:29  Zealot x4  
Show
View Real Time Build Order
Export as new Build Order

Jieshi Protoss 

Build Orders: Archon Immortal 

Get SALT Encoding   

  12  0:00  Probe  
  13  0:13  Probe  
  14  0:17  Pylon  
  14  0:25  Probe (Chrono Boost)  
  15  0:36  Gateway  
  15  0:37  Probe (Chrono Boost)  
  16  0:44  Probe (Chrono Boost)  
  16  0:47  Assimilator  
  17  0:51  Probe  
  17  0:56  Assimilator  
  18  1:03  Probe (Chrono Boost)  
  19  1:10  Gateway  
  19  1:15  Probe (Chrono Boost)  
  20  1:20  Probe (Chrono Boost)  
  21  1:27  Cybernetics Core  
  21  1:30  Probe  
  22  1:37  Pylon  
  22  1:42  Probe  
  23  1:55  Probe  
  23  2:00  Warp Gate (Chrono Boost)  
  24  2:03  Adept x2  
  28  2:10  Pylon  
  28  2:15  Shield Battery  
  28  2:28  Pylon  
  28  2:33  Adept x2  
  32  2:50  Nexus  
  32  3:04  Adept  
  32  3:05  Adept  
  36  3:09  Shield Battery  
  36  3:16  Probe  
  37  3:26  Pylon  
  37  3:28  Probe  
  37  3:32  Robotics Facility  
  38  3:42  Shield Battery  
  38  3:45  Adept  
  40  3:50  Adept  
  42  4:00  Shield Battery  
  43  4:07  Stalker  
  43  4:09  Shield Battery  
  41  4:14  Stalker  
  39  4:21  Probe  
  40  4:24  Probe  
  37  4:34  Observer  
  37  4:38  Stalker  
  39  4:41  Stalker  
  39  4:43  Probe  
  42  4:48  Probe  
  41  4:55  Probe  
  41  5:01  Probe  
  32  5:08  Probe (Chrono Boost)  
  32  5:11  Sentry x2  
  32  5:13  Probe (Chrono Boost)  
  36  5:20  Probe (Chrono Boost)  
  37  5:23  Probe (Chrono Boost)  
  37  5:25  Probe (Chrono Boost)  
  39  5:34  Sentry  
  42  5:36  Stalker  
  42  5:38  Probe  
  42  5:40  Probe  
  45  5:48  Observer  
  40  5:57  Stalker  
  40  5:59  Probe (Chrono Boost)  
  37  6:07  Probe (Chrono Boost)  
  38  6:11  Probe (Chrono Boost)  
  38  6:18  Probe (Chrono Boost)  
  40  6:19  Stalker  
  40  6:20  Probe (Chrono Boost)  
  40  6:21  Stalker  
  40  6:23  Probe (Chrono Boost)  
  46  6:25  Probe (Chrono Boost)  
  47  6:33  Probe (Chrono Boost)  
  47  6:37  Probe (Chrono Boost)  
  47  6:38  Twilight Council  
  49  6:41  Probe (Chrono Boost)  
  49  6:43  Probe (Chrono Boost)  
  51  6:47  Probe  
  51  6:52  Probe  
  52  6:58  Immortal (Chrono Boost)  
  52  6:59  Probe  
  57  7:08  Probe  
  58  7:12  Probe, Blink (Chrono Boost)  
  59  7:17  Pylon  
  59  7:20  Probe  
  60  7:24  Probe  
  60  7:25  Pylon  
  61  7:32  Probe  
  61  7:34  Observer  
  61  7:36  Dark Shrine, Probe  
  64  7:37  Gateway  
  64  7:41  Stalker  
  64  7:43  Assimilator  
  66  7:45  Probe  
  66  7:48  Probe  
  68  7:56  Immortal (Chrono Boost)  
  65  8:07  Probe  
  65  8:08  Observer, Probe  
  62  8:23  Nexus, Observer  
  62  8:24  Probe  
  62  8:25  Probe  
  64  8:30  Assimilator  
  64  8:33  Immortal (Chrono Boost)  
  68  8:49  Dark Templar x2, Pylon  
  68  8:53  Dark Templar  
  74  8:57  Probe x2  
  76  9:07  Immortal (Chrono Boost)  
  76  9:09  Pylon  
  80  9:15  Probe x2  
  82  9:24  Pylon  
  82  9:26  Pylon  
  82  9:27  Probe x2  
  82  9:29  Shield Battery  
  84  9:32  Forge  
  78  9:39  Archon, Dark Templar  
  78  9:40  Dark Templar  
  78  9:44  Archon  
  78  9:45  Sentry  
  84  9:47  Shield Battery  
  84  9:52  Shield Battery  
  84  10:04  Probe  
  84  10:05  Pylon  
  84  10:06  Probe  
  90  10:10  Stalker  
  90  10:19  Sentry x2  
  84  10:34  Zealot  
Tags
 
Add a new tag
Caveats
  • Supply blocks, unpowered buildings, or Contaminate may cause inaccurate times.
  • Supply counts are checked every 10 seconds.